cohdb
Replays
Latest Replays
All Replays
Popular Replays
Top Player Replays
Match Explorer
How It Works
Community
CoH3 Stats
Reddit
Sign in to upload your games and track your stats! →
Sign in with Steam
Match 45857185
Unlisted
Match 45857185
Overview
Messages
Build Orders
End
Vickers Machine Gun Team
Construct Section Command Post
Selects Canadian Shock Battlegroup
Infantry Section
Dingo Light Scout Car
Selects Attacking Spirit
Selects Canadian Shock Section
Canadian Shock Section
Construct Platoon Command Post
Construct Field Infirmary
6-pounder Anti-tank Gun Team
Canadian Shock Section
Infantry Training
Vickers Machine Gun Team
Selects Incendiary Munitions
Selects Pyrotechnics
ML 3-inch Mortar Team
El Conquistador de Amor
A1
Lord Panther
Grunk
乌合之众
mayomeyo
0
0
Comments
sign in to comment!
No comments posted yet!